 Dungeon Crawl Stone Soup version 0.30-a0-12-gd8047c6341 (webtiles) character file.

Game seed: 11949690032391338908

95526 wingedge the Thaumaturge (level 15, -13/115 HPs)
             Began as a Mummy Conjurer on Aug 22, 2022.
             Was a High Priest of Vehumet.
             Mangled by an orc warrior
             ... wielding a +0 short sword
              (19 damage)
             ... on level 2 of the Orcish Mines on Aug 23, 2022.
             The game lasted 06:32:41 (33800 turns).

wingedge the Thaumaturge (Mummy Conjurer)          Turns: 33800, Time: 06:32:42

Health: -13/115    AC: 14    Str: 17    XL:     15   Next: 66%
Magic:  41/41      EV: 14    Int: 35    God:    Vehumet [*****.]
Gold:   2914       SH:  0    Dex: 14    Spells: 0/38 levels left

rFire   + . .      SeeInvis +    a - +3 arbalest (flame)
rCold   + + .      Faith    .    (shield currently unavailable)
rNeg    + + +      Spirit   .    E - +2 robe of the Exiled Shrikes {rF+ Will+++ Int+3 Dex+2}
rPois   ∞          Reflect  .    M - +3 hat of Pondering {ponderous, Will+ MP+10 Int+5}
rElec   .          Harm     .    N - +1 cloak {rC+}
rCorr   .          Rampage  .    k - +2 pair of gloves
Will    +++++                    p - +0 pair of boots
Stlth   +++.......               e - amulet of magic regeneration
HPRegen 0.29/turn                L - ring of see invisible
MPRegen 0.67/turn                c - ring of Vissuzy {Fly rF+ Str+4 Int+6}

@: portalling projectiles, flying, slow
A: cold resistance 1, negative energy resistance 3, torment resistance 2, heat
vulnerability 1, in touch with death 2, no potions
a: Renounce Religion


You were on level 2 of the Orcish Mines.
You worshipped Vehumet.
Vehumet was extremely pleased with you.
You visited 4 branches of the dungeon, and saw 20 of its levels.
You also visited: Sewer, Bailey, Gauntlet and Ice Cave.

You collected 3330 gold pieces.
You spent 416 gold pieces at shops.

Inventory:

Hand Weapons
 a - a +3 arbalest of flaming (weapon)
 b - a +4 scimitar of flaming
 f - the +8 frozen axe "Frostbite" {freezing cloud, *Noise Fly rC+}
   (You found it in an ice cave)

   It freezes those it strikes, dealing additional cold damage.
   It can also slow down cold-blooded creatures.
   It occasionally leaves clouds of freezing vapour upon striking a foe.
   It grants immunity to clouds of freezing vapour.
   rC:        It protects you from cold.
   Fly:       It grants you flight.
   *Noise:    It may make noises in combat.
 i - a +4 sling
 A - a +5 great sword
 B - a +2 sling of flaming
Missiles
 j - 9 datura-tipped darts
 s - 2 silver javelins
 J - 2 throwing nets
Armour
 k - a +2 pair of gloves (worn)
 o - the +2 hat of the Beginning {rF+++ Str+8 Slay-3 Stlth-}
   (You found it in a Gauntlet)

   Str:       It affects your strength (+8).
   Slay:      It affects your accuracy & damage with ranged weapons and melee
   (-3).
   rF:        It renders you almost immune to fire.
   Stlth:     It makes you less stealthy.
 p - a +0 pair of boots (worn)
 E - the +2 robe of the Exiled Shrikes (worn) {rF+ Will+++ Int+3 Dex+2}
   (You found it on level 10 of the Dungeon)

   Int:       It affects your intelligence (+3).
   Dex:       It affects your dexterity (+2).
   rF:        It protects you from fire.
   Will:      It greatly increases your willpower.
 F - the +0 leather armour of Bedevilment {Fly rN+ rCorr Dex+6}
   (You found it on level 5 of the Lair of Beasts)

   Dex:       It affects your dexterity (+6).
   rN:        It protects you from negative energy.
   Fly:       It grants you flight.
   rCorr:     It protects you from acid and corrosion.
 M - the +3 hat of Pondering (worn) {ponderous, Will+ MP+10 Int+5}
   (You took it off Gastronok on level 12 of the Dungeon)

   Int:       It affects your intelligence (+5).
   MP:        It affects your magic capacity (+10).
   Will:      It increases your willpower.
 N - a +1 cloak of cold resistance (worn)
 O - the +0 buckler of Piad {+Blink rC+}
   (You found it on level 4 of the Lair of Beasts)

   rC:        It protects you from cold.
   +Blink:    It lets you blink.
Magical Staves
 r - a staff of air
Jewellery
 c - the ring of Vissuzy (right hand) {Fly rF+ Str+4 Int+6}
   (You found it on level 1 of the Lair of Beasts)

   [ring of intelligence]

   Str:       It affects your strength (+4).
   Int:       It affects your intelligence (+6).
   rF:        It protects you from fire.
   Fly:       It grants you flight.
 e - an amulet of magic regeneration (around neck)
 n - the ring of Charity {rF+ Dex+7}
   (You acquired it on level 6 of the Dungeon)

   [ring of protection from fire]

   Dex:       It affects your dexterity (+7).
   rF:        It protects you from fire.
 y - a ring of protection from cold
 L - a ring of see invisible (left hand)
Wands
 l - a wand of quicksilver (7)
 w - a wand of iceblast (15)
 z - a wand of mindburst (5)
 D - a wand of charming (3)
 I - a wand of polymorph (2)
Scrolls
 m - 4 scrolls of vulnerability
 q - 4 scrolls of teleportation
 t - a scroll of silence
 u - a scroll of torment
 v - a scroll of immolation
 x - 7 scrolls of fog
 C - a scroll of brand weapon
 H - 2 scrolls of poison
Miscellaneous
 d - a phantom mirror
 P - a phial of floods


   Skills:
 - Level 10.0 Fighting
 - Level 2.0 Long Blades
 - Level 1.0 Polearms
 - Level 7.0 Ranged Weapons
 - Level 1.0 Throwing
 - Level 5.0 Armour
 - Level 5.0 Dodging
 - Level 4.0 Stealth
 - Level 12.1 Spellcasting
 - Level 7.0 Conjurations
 - Level 9.0 Hexes
 + Level 11.8 Summonings
 - Level 3.0 Necromancy
 - Level 3.0 Translocations
 - Level 4.0 Ice Magic
 - Level 7.0 Earth Magic
 - Level 3.0 Evocations


You couldn't memorise any spells.
You knew the following spells:

 Your Spells              Type           Power      Damage    Failure   Level
a - Magic Dart            Conj           100%       1d8       1%          1
b - Summon Cactus Giant   Summ           40%        N/A       2%          6
c - Monstrous Menagerie   Summ           40%        N/A       13%         7
d - Fulminant Prism       Conj/Hex       33%        3d16      1%          4
e - Leda's Liquefaction   Hex/Erth       33%        N/A       1%          4
f - Portal Projectile     Hex/Tloc       100%       N/A       1%          3
g - Lee's Rapid Deconstr  Erth           31%        3d17*     1%          5
h - Ozocubu's Armour      Ice            49%        N/A       1%          3
i - Summon Mana Viper     Hex/Summ       76%        N/A       1%          5

Your spell library contained the following spells:

 Spells                   Type           Power      Damage    Failure   Level
 Conjure Ball Lightning   Conj/Air       22%        3x3d6     19%         6
 Foxfire                  Conj/Fire      100%       2x1d9     1%          1
 Sandblast                Erth           100%       2d20      1%          1
 Shock                    Conj/Air       100%       1d9       1%          1
 Ensorcelled Hibernation  Hex/Ice        100%       N/A       1%          2
 Passwall                 Tmut/Erth      37%        N/A       1%          2
 Scorch                   Fire           42%        2d7       1%          2
 Searing Ray              Conj           100%       2d8       1%          2
 Call Canine Familiar     Summ           81%        N/A       1%          3
 Conjure Flame            Conj/Fire      45%        6-21      1%          3
 Dazzling Flash           Conj/Hex       100%       N/A       1%          3
 Inner Flame              Hex/Fire       51%        N/A       1%          3
 Stone Arrow              Conj/Erth      100%       3d13      1%          3
 Anguish                  Hex/Necr       48%        N/A       1%          4
 Flame Wave               Conj/Fire      45%        2d12      1%          4
 Iskenderun's Mystic Bla  Conj/Tloc      54%        2d12      1%          4
 Summon Ice Beast         Ice/Summ       67%        N/A       1%          4
 Metabolic Englaciation   Hex/Ice        30%        N/A       3%          5
 Airstrike                Air            10%        2d(2-18)  5%          4
 Swiftness                Air            21%        N/A       6%          3
 Borgnjor's Vile Clutch   Necr/Erth      45%        N/A       7%          5
 Silence                  Hex/Air        25%        N/A       9%          5
 Agony                    Necr           76%        N/A       16%         5
 Starburst                Conj/Fire      22%        6d8       19%         6
 Alistair's Intoxication  Tmut/Pois      14%        N/A       50%         5
 Eringya's Noxious Bog    Tmut/Pois      10%        N/A       58%         6
 Simulacrum               Ice/Necr       40%        N/A       58%         6
 Spider Form              Tmut/Pois      Unusable   N/A       N/A         3

Dungeon Overview and Level Annotations

Branches:
Dungeon (12/15)            Temple (1/1) D:5            Lair (5/5) D:8
  Swamp (0/4) Lair:2       Spider (0/4) Lair:2        Slime (0/5) Lair:5
    Orc (2/2) D:9           Sewer (visited)          Bailey (visited)
  IceCv (visited)         Gauntlet (visited)
    Elf: Orc:2

Altars:
Ashenzari
Cheibriados
Dithmenos
Fedhas
Gozag
Hepliaklqana
Kikubaaqudgha
Makhleb
Nemelex Xobeh
Okawaru
Qazlal
Ru
Sif Muna
Trog
Uskayaw
Vehumet
Wu Jian
Xom
Yredelemnul

Shops:
D:2 :


Innate Abilities, Weirdness & Mutations

You are immune to poison.
Your flesh is cold resistant. (rC+)
You are immune to negative energy. (rN+++)
You are immune to unholy pain and torment.
You are vulnerable to heat. (rF-)
You are strongly in touch with the powers of death.
You do not drink.


Message History

The orc warrior hits you with a +0 short sword.
The deep troll bites you!!
* * * LOW HITPOINT WARNING * * *
The deep troll misses you. The deep troll claws you.
* * * LOW HITPOINT WARNING * * *
The deep troll bites you!
* * * LOW HITPOINT WARNING * * *
The deep troll closely misses you. The deep troll completely misses you.
The orc barely misses you.
The orc warrior hits you with a +0 flail!
* * * LOW HITPOINT WARNING * * *
The orc wizard gestures wildly while chanting.
The orc wizard flickers and vanishes for a moment.
The orc warrior hits you with a +0 short sword.
* * * LOW HITPOINT WARNING * * *
The orc wizard mumbles some strange words.
The orc wizard flickers and vanishes for a moment.
Unknown command.
Unknown command.
Okay, then.
Unknown command.
Casting: Portal Projectile (safe; 1% risk of failure)
Confirm with . or Enter, or press ? or * to list all spells.
Okay, then.
Unknown command.
As you read the scroll of torment, it crumbles to dust.
You feel a surge of unholy energy.
The orc warrior convulses!
The two-headed ogre convulses!
The orc warrior convulses!
The orc convulses! x2
The deep troll convulses!
The troll convulses!
The orc convulses!
The cyclops convulses!
The orc warlord convulses!
The ogre convulses!
The orc wizard convulses!
The troll convulses!
The orc convulses!
The orc wizard convulses!
The orc warrior convulses!
The ogre mage convulses!
The orc warrior convulses! x2; The orc wizard convulses! x2
The deep troll barely misses you. The deep troll closely misses you.
The deep troll completely misses you.
The orc warrior hits you but does no damage.
The orc warlord roars a battlecry!
The orcs go into a battle-frenzy!
The orc warrior hits you with a +0 short sword!!
You die...

$....C.....<...
.....).<..............
.....)................
.......#.oo..........
......#..oO.o....... .
...... ....Too....#...
...... .....oC#..#...#
..... .....TT)).....#
..... #..OOo@).#
#....ooo.#
.......o)....
##.......o...#
###..........#
.o.##....... ....
....... .#... ...##..


You could see an orc warlord, a two-headed ogre, an ogre mage, a deep troll, a
cyclops, 2 trolls, 5 orc warriors, an ogre (fast), 4 orc wizards and 4 orcs.

Vanquished Creatures
  A minotaur (Gauntlet)
  Snorg (Lair:3)
  A boulder beetle (D:10)
  Josephine (D:12)
  4 hydras
  Harold (Lair:2)
  An ogre mage (D:10)
  4 two-headed ogres
  Erica (D:10)
  11 death yaks
  Lodul (D:10)
  A swamp dragon (Lair:5)
  A goliath frog (D:12)
  2 glowing orange brains (Gauntlet)
  An orb spider (shapeshifter) (D:10)
  An orc knight (Orc:1)
  An orc sorcerer (Orc:2)
  An ugly thing (Gauntlet)
  An oklob plant (Lair:2)
  2 cyclopes (D:11)
  10 elephants
  3 slime creatures (D:12)
  A manticore (D:6)
  An ice statue (IceCv)
  A smoke demon (Gauntlet)
  Joseph (D:8)
  4 black mambas (Lair:5)
  9 cane toads
  2 torpor snails
  A gargoyle (D:11)
  Psyche (D:8)
  5 rime drakes
  Maggie (D:7)
  7 komodo dragons
  2 unseen horrors
  A red devil (Gauntlet)
  2 tyrant leeches (Lair:2)
  7 polar bears
  Grinder (D:3)
  Prince Ribbit (D:7)
  8 hornets
  6 trolls
  16 blink frogs
  6 dream sheep
  A jumping spider (Lair:2)
  2 culicivoras (Lair:2)
  A shadow (D:11)
  6 wraiths
  13 wyverns
  80 yaks
  A basilisk (D:10)
  4 redbacks
  A steam dragon (D:6)
  A warg (Orc:1)
  8 vampire mosquitoes (D:12)
  4 acid dragons
  2 swamp worms (Lair:2)
  3 nameless horrors
  17 water moccasins
  A swamp drake (Lair:5)
  6 black bears
  16 orc warriors
  2 ice beasts
  14 ogres
  5 centaurs
  27 wolves
  2 phantoms
  8 bullfrogs
  A gnoll sergeant (D:8)
  6 scorpions
  8 wights (D:9)
  4 killer bees (D:9)
  An electric eel (Lair:3)
  9 howler monkeys
  3 crimson imps (Gauntlet)
  14 orc priests
  7 hounds
  3 jellies
  2 quasits (D:3)
  11 iguanas
  5 orc wizards
  5 gnolls (D:8)
  10 river rats
  13 adders
  A shadow imp (D:6)
  2 ufetubi (D:5)
  2 worms (D:3)
  The ghost of drugrobin the Sneak, a weakling DgDe (D:3)
  A dart slug (D:3)
  66 orcs
  5 endoplasms
  2 giant cockroaches
  17 goblins
  7 hobgoblins
  11 jackals
  2 quokkas (D:4)
  12 ball pythons (Sewer)
  6 bats
  5 frilled lizards
  18 kobolds
  23 rats
  2 fulminant prisms (D:12)
645 creatures vanquished.

Vanquished Creatures (collateral kills)
  Rupert (Lair:3)
  Gastronok (D:12)
  Nessos (Lair:4)
  A fire dragon (Lair:5)
  A hydra (Lair:4)
  2 ironbound frosthearts (IceCv)
  7 death yaks
  2 two-headed ogres (Orc:1)
  An orc sorcerer (Orc:2)
  A cyclops (Orc:1)
  4 elephants (Lair:5)
  A guardian serpent (Lair:5)
  2 black mambas
  3 cane toads
  A rime drake (Lair:5)
  2 komodo dragons
  3 trolls (Orc:1)
  2 polar bears (IceCv)
  6 blink frogs
  2 slime creatures (D:12)
  A dream sheep (Lair:4)
  4 wyverns (Lair:5)
  9 yaks
  A basilisk (Lair:5)
  A redback (Lair:5)
  A steam dragon (Lair:5)
  3 water moccasins (Lair:5)
  3 orc warriors (Orc:1)
  5 ogres
  9 wolves
  2 bullfrogs
  2 orc wizards (Orc:1)
  9 orcs
94 creatures vanquished.

Vanquished Creatures (others)
  2 yaks (D:12)
  A centaur (D:10)
  An orc priest (Orc:2)
  174 fulminant prisms
  57 fungi
  110 plants
  9 withered plants (D:9)
354 creatures vanquished.

Grand Total: 1093 creatures vanquished

Notes
Turn   | Place    | Note
-------+----------+-------------------------------------------
     0 | D:1      | wingedge the Mummy Conjurer began the quest for the Orb.
     0 | D:1      | Reached XP level 1. HP: 13/13 MP: 4/4
   100 | D:1      | Reached skill level 3 in Spellcasting
   188 | D:1      | Found Gamulir's General Store.
   464 | D:1      | Reached skill level 1 in Fighting
   526 | D:1      | Reached XP level 2. HP: 15/21 MP: 0/6
   613 | D:1      | Learned a level 2 spell: Searing Ray
  1253 | D:2      | Gained mutation: You are in touch with the powers of death.
                  | [Mummy growth]
  1253 | D:2      | Reached XP level 3. HP: 27/27 MP: 3/7
  1341 | D:2      | Found Riabbu's Book Shop.
  1379 | D:2      | Learned a level 3 spell: Stone Arrow
  1846 | D:3      | Found a transporter.
  1982 | D:3      | Reached XP level 4. HP: 32/33 MP: 3/8
  1987 | D:3      | Found a glowing drain.
  1999 | Sewer    | Entered a sewer
  2093 | Sewer    | Reached skill level 1 in Earth Magic
  2345 | Sewer    | Reached XP level 5. HP: 37/38 MP: 1/9
  2940 | Sewer    | Reached skill level 4 in Spellcasting
  3021 | Sewer    | Reached XP level 6. HP: 8/44 MP: 0/13
  3388 | D:3      | Found a stormy altar of Qazlal.
  3518 | D:3      | Noticed Grinder
  3544 | D:3      | Noticed drugrobin's ghost (weakling DgDe)
  3564 | D:3      | Found a transporter.
  3577 | D:3      | Found a faded altar of an unknown god.
  3718 | D:3      | Reached skill level 5 in Spellcasting
  3719 | D:3      | Killed drugrobin's ghost
  3724 | D:3      | Reached skill level 1 in Throwing
  4013 | D:3      | Killed Grinder
  4014 | D:3      | Reached XP level 7. HP: 44/54 MP: 1/14
  4109 | D:3      | Learned a level 4 spell: Fulminant Prism
  4576 | D:4      | Reached skill level 1 in Hexes
  5485 | D:5      | Entered Level 5 of the Dungeon
  5659 | D:5      | Reached XP level 8. HP: 60/60 MP: 11/15
  6577 | D:5      | Reached skill level 5 in Hexes
  6767 | D:5      | Found a bloodstained altar of Trog.
  6803 | D:5      | Reached skill level 1 in Ranged Weapons
  7013 | D:5      | Found a staircase to the Ecumenical Temple.
  7022 | Temple   | Entered the Ecumenical Temple
  7022 | Temple   | Found a transporter.
  7022 | Temple   | Found a transporter.
  7024 | Temple   | Found a transporter.
  7024 | Temple   | Found a transporter.
  7046 | Temple   | Became a worshipper of Vehumet
  7295 | D:5      | Reached skill level 5 in Conjurations
  7574 | D:6      | Reached skill level 6 in Spellcasting
  7988 | D:6      | Reached XP level 9. HP: 65/65 MP: 6/18
  8013 | D:6      | Reached skill level 1 in Long Blades
  8025 | D:6      | Noticed a manticore
  8335 | D:6      | Learned a level 4 spell: Leda's Liquefaction
  9058 | D:6      | Identified a scroll of acquirement
  9059 | D:6      | Acquired the ring of Charity {rF+ Dex+7}
  9121 | D:6      | Killed a manticore
 10163 | D:7      | Noticed Prince Ribbit
 10178 | D:7      | Reached skill level 7 in Spellcasting
 10183 | D:7      | Killed Prince Ribbit
 10572 | D:7      | Reached skill level 5 in Fighting
 10594 | D:7      | Learned a level 3 spell: Portal Projectile
 10825 | D:7      | Reached skill level 1 in Armour
 10825 | D:7      | Reached XP level 10. HP: 74/74 MP: 7/20
 11087 | D:7      | Noticed Maggie
 11242 | D:7      | Killed Maggie
 11243 | D:7      | Reached skill level 1 in Translocations
 11609 | D:8      | Noticed Psyche
 11614 | D:8      | Killed Psyche
 11615 | D:8      | Reached skill level 8 in Spellcasting
 11632 | D:8      | Reached * piety under Vehumet
 11632 | D:8      | Offered knowledge of Foxfire by Vehumet.
 11651 | D:8      | Noticed Joseph
 12008 | D:8      | Noticed a death yak
 12008 | D:8      | Noticed a death yak
 12013 | D:8      | Noticed a death yak
 12019 | D:7      | Killed a death yak
 12182 | D:8      | Killed Joseph
 12314 | D:8      | Reached skill level 5 in Earth Magic
 13069 | D:8      | Found a staircase to the Lair.
 13077 | D:8      | Reached skill level 1 in Polearms
 13185 | D:7      | Killed a death yak
 13341 | D:8      | Killed a death yak
 13341 | D:8      | Reached ** piety under Vehumet
 13342 | D:8      | Reached XP level 11. HP: 79/79 MP: 7/23
 13725 | D:9      | Offered knowledge of Scorch by Vehumet.
 13932 | D:9      | Noticed a two-headed ogre
 14047 | D:9      | Found an ancient bone altar of Kikubaaqudgha.
 14078 | D:9      | Killed a two-headed ogre
 14084 | D:9      | Found a flagged portal.
 14096 | Bailey   | Entered a bailey
 14503 | Bailey   | Offered knowledge of Ignite Poison by Vehumet.
 14768 | D:9      | Reached *** piety under Vehumet
 15026 | D:2      | Bought a book of Blasting for 416 gold pieces
 15032 | D:2      | Learned a level 5 spell: Lee's Rapid Deconstruction
 15263 | D:9      | Found a shadowy altar of Dithmenos.
 15556 | D:9      | Offered knowledge of Frozen Ramparts by Vehumet.
 15769 | D:9      | Found a staircase to the Orcish Mines.
 16100 | D:9      | Reached skill level 9 in Spellcasting
 16284 | D:10     | Entered Level 10 of the Dungeon
 16349 | D:10     | Reached skill level 5 in Armour
 16647 | D:10     | Noticed Lodul
 16667 | D:10     | Killed Lodul
 17223 | D:10     | Found a sacrificial altar of Ru.
 17488 | D:10     | Found a burning altar of Makhleb.
 17620 | D:10     | Noticed a boulder beetle
 17638 | D:10     | Killed a boulder beetle
 17656 | D:10     | Noticed Erica
 17660 | D:10     | Killed Erica
 17661 | D:10     | Reached XP level 12. HP: 21/89 MP: 7/25
 17951 | D:10     | Identified the +2 robe of the Exiled Shrikes {rF+ Will+++
                  | Int+3 Dex+2}
 18012 | D:10     | Noticed an ogre mage
 18015 | D:10     | Killed an ogre mage
 18122 | D:11     | Identified the +4 ring mail "Jeso" {Will- Str+3 Dex+3}
 18245 | D:11     | Found a gate leading to a gauntlet.
 18251 | Gauntlet | Entered a Gauntlet
 18251 | Gauntlet | Found a transporter.
 18251 | Gauntlet | Found a transporter.
 18255 | Gauntlet | Found a transporter.
 18255 | Gauntlet | Found a transporter.
 18262 | Gauntlet | Found a transporter.
 18283 | Gauntlet | Found a transporter.
 18286 | Gauntlet | Found a transporter.
 18315 | Gauntlet | Found a transporter.
 18315 | Gauntlet | Found a transporter.
 18318 | Gauntlet | Found a transporter.
 18366 | Gauntlet | Found a transporter.
 18424 | Gauntlet | Found a transporter.
 18441 | Gauntlet | Found a transporter.
 18508 | Gauntlet | Found a transporter.
 18519 | Gauntlet | Found a transporter.
 18535 | Gauntlet | Found a transporter.
 18935 | Gauntlet | Reached **** piety under Vehumet
 18936 | Gauntlet | Reached skill level 1 in Evocations
 19052 | Gauntlet | Learned a level 3 spell: Ozocubu's Armour
 19087 | Gauntlet | Reached skill level 1 in Ice Magic
 19166 | Gauntlet | Identified the +2 hat of the Beginning {rF+++ Str+8 Slay-3
                  | Stlth-}
 19204 | Gauntlet | Noticed a minotaur
 19213 | Gauntlet | Killed a minotaur
 19404 | D:11     | Upgraded the game from 0.30-a0-6-g7c9e10e132 to
                  | 0.30-a0-12-gd8047c6341
 19490 | D:11     | You fall into a shaft and drop 1 floor!
 19699 | D:11     | Offered knowledge of Iskenderun's Battlesphere by Vehumet.
 19955 | D:11     | Reached skill level 1 in Summonings
 20099 | D:12     | Noticed a boulder beetle
 20105 | D:12     | a boulder beetle changed into a goliath frog
 20109 | D:12     | HP: 4/91 [acid (10)]
 20737 | D:12     | Reached skill level 10 in Spellcasting
 20762 | D:11     | Learned a level 5 spell: Summon Mana Viper
 20978 | D:12     | Noticed Josephine
 20985 | D:12     | Killed Josephine
 21001 | D:12     | Gained mutation: You are strongly in touch with the powers
                  | of death. [Mummy growth]
 21001 | D:12     | Reached XP level 13. HP: 64/98 MP: 6/27
 21333 | D:12     | Noticed Gastronok
 21674 | D:12     | Killed Gastronok
 22318 | Lair:1   | Entered Level 1 of the Lair of Beasts
 22329 | Lair:1   | Reached skill level 1 in Necromancy
 22973 | Lair:1   | Identified the ring of Vissuzy {Fly rF+ Str+4 Int+6}
 23081 | Lair:2   | Reached ***** piety under Vehumet
 23280 | Lair:1   | Reached skill level 5 in Ranged Weapons
 23412 | Lair:2   | Offered knowledge of Ozocubu's Refrigeration by Vehumet.
 23653 | Lair:2   | Noticed Harold
 23903 | Lair:2   | Killed Harold
 23904 | Lair:2   | Reached skill level 5 in Summonings
 24207 | Lair:2   | Found a staircase to the Swamp.
 24479 | Lair:2   | Found a blossoming altar of Fedhas.
 24554 | Lair:2   | Found a hole to the Spider Nest.
 24979 | Lair:3   | Noticed Rupert
 24991 | Lair:3   | Killed Rupert
 24992 | Lair:3   | Reached XP level 14. HP: 65/105 MP: 6/28
 25368 | Lair:3   | Noticed Snorg
 25378 | Lair:3   | Killed Snorg
 25630 | Lair:3   | Reached skill level 11 in Spellcasting
 25849 | Lair:3   | Learned a level 6 spell: Summon Cactus Giant
 26395 | Lair:3   | You are sucked into a shaft and drop 1 floor!
 26627 | Lair:4   | Offered knowledge of Hailstorm by Vehumet.
 26628 | Lair:4   | Reached skill level 5 in Dodging
 26712 | Lair:4   | Found a frozen archway.
 26714 | Lair:4   | Noticed Nessos
 26727 | Lair:4   | Killed Nessos
 26730 | Lair:4   | Identified the +0 buckler of Piad {+Blink rC+}
 26737 | IceCv    | Entered an ice cave
 27393 | IceCv    | Found the +8 frozen axe "Frostbite" {freezing cloud, *Noise
                  | Fly rC+}
 27501 | IceCv    | Reached skill level 10 in Summonings
 28175 | Lair:4   | Reached XP level 15. HP: 111/113 MP: 29/30
 28175 | Lair:4   | Offered knowledge of Iron Shot by Vehumet.
 29117 | Lair:5   | Entered Level 5 of the Lair of Beasts
 29174 | Lair:5   | Reached skill level 12 in Spellcasting
 30024 | Lair:5   | Learned a level 7 spell: Monstrous Menagerie
 30025 | Lair:5   | Found a staircase to the Slime Pits.
 30616 | Lair:5   | Identified the +0 leather armour of Bedevilment {Fly rN+
                  | rCorr Dex+6}
 30846 | Lair:5   | Reached skill level 10 in Fighting
 31109 | Lair:5   | Identified the +1 helmet of Impatience {MP+9}
 31367 | Orc:1    | Entered Level 1 of the Orcish Mines
 31814 | Orc:2    | Entered Level 2 of the Orcish Mines
 31814 | Orc:2    | Noticed an orc warlord
 32309 | Orc:1    | Offered knowledge of Conjure Ball Lightning by Vehumet.
 33799 | Orc:2    | HP: 5/115 [orc warrior/+0 short sword (5)]
 33800 | Orc:2    | Mangled by an orc warrior

Illustrated notes

Levels and vault maps discovered:
D:1:      dpeg_arrival_chambers_temple_mockup, layout_rooms, serial_shops, shop
D:2:      minmay_recursive_quarters, layout_rooms, serial_shops,
          nicolae_shop_statue_plus, amcnicky_mini_rare_corridor_liquid,
          corexii_leaking_fountain
D:3:      layout_rooms, nicolae_overflow_two_pavilions,
          gammafunk_ghost_stat_death, chequers_ecumenical_altar_island,
          lightli_sewer_entry_pipes, uniq_grinder
D:4:      layout_loops_ring
D:5:      layout_rooms, nicolae_overflow_hidden_temple, temple_hall
D:6:      cheibrodos_barr_body, layout_cave_pools
D:7:      layout_loops_cross, uniq_prince_ribbit1, uniq_maggie
D:8:      layout_basic, dpeg_lair_monsters, uniq_joseph, uniq_psyche
D:9:      layout_roguey, kiku_gazebo_garden_becter, lemuel_round_altar,
          david_orc_5, enter_bailey_5
D:10:     layout_loops_ring, nicolae_overflow_crystal_walls,
          mainiacjoe_overflow_alcove_1, minmay_fractal_squares_gapless_7,
          uniq_lodul, uniq_erica
D:11:     layout_roguey, gauntlet_entry_generic, tso_oasis_becter
D:12:     layout_layer_cave, lemuel_flamethrower_2, uniq_gastronok,
          uniq_josephine
Temple:   hellmonk_temple_divided_pantheon
Lair:1:   layout_chaotic_city, minmay_holes, chequers_serial_rivers_room_b
Lair:2:   layout_loops_ring, palyth_hydra_swamp_entry,
          nicolae_spider_entry_tight_spaces, tgw_fedhas, uniq_harold
Lair:3:   layout_cave_pods, infiniplex_staircase_pool, uniq_snorg, uniq_rupert
Lair:4:   beast_lair_carwin_large_3, layout_cave_pods,
          portal_ice_cave_entry_pillars_1, serial_bayou_shore_a, uniq_nessos
Lair:5:   guppyfry_lair_end_dragon, layout_long_grid,
          hangedman_lair_tendril_chambers, slime_entry_1, lemuel_fruit_fields
Orc:1:    layout_caves, serial_shops, nicolae_shop_bloodbath_and_beyond,
          statue_in_the_mist_lemuel
Orc:2:    st_orc_open, layout_caves, serial_shops, nicolae_lakefront_shop,
          nicolae_shop_vocational, uniq_azrael

Skill      XL: |  1  2  3  4  5  6  7  8  9 10 11 12 13 14 15 |
---------------+----------------------------------------------+-----
Spellcasting   | 3 4 5 6 7 8 9 10 11 12 | 12.1
Fighting       | 1 2 4 5 6 7 8 9 10 | 10.0
Dodging        | 2 3 4 5 |  5.0
Conjurations   | 4 5 7 |  7.0
Earth Magic    | 2 3 4 6 7 |  7.0
Throwing       | 1 |  1.0
Stealth        | 2 3 4 |  4.0
Hexes          | 3 5 6 7 8 9 |  9.0
Ranged Weapons | 2 3 4 6 7 |  7.0
Long Blades    | 1 2 |  2.0
Armour         | 1 4 5 |  5.0
Translocations | 1 2 3 |  3.0
Polearms       | 1 |  1.0
Evocations     | 2 3 |  3.0
Ice Magic      | 3 4 |  4.0
Summonings     | 3 7 10 11 | 11.8
Necromancy     | 3 |  3.0

Action                   |  1- 3 |  4- 6 |  7- 9 | 10-12 | 13-15 || total
-------------------------+-------+-------+-------+-------+-------++-------
Melee: Falchion          |     8 |     1 |    29 |    12 |       ||    50
       Hand axe          |    10 |       |       |       |       ||    10
       Dagger            |     9 |    20 |       |       |       ||    29
       Spear             |       |     1 |       |       |       ||     1
       Punch             |       |       |       |     3 |       ||     3
       Scimitar          |       |       |       |    47 |     2 ||    49
       Trident           |       |       |       |     8 |       ||     8
       Staff             |       |       |       |       |     3 ||     3
 Fire: Sling             |       |       |    91 |    86 |       ||   177
       Shortbow          |       |       |       |    79 |       ||    79
       Arbalest          |       |       |       |    49 |   553 ||   602
Throw: Stone             |     8 |     8 |       |       |       ||    16
       Dart              |       |     6 |    11 |     5 |       ||    22
       Boomerang         |       |    11 |     1 |       |       ||    12
 Cast: Magic Dart        |    39 |    37 |    13 |       |       ||    89
       Searing Ray       |    11 |    33 |     9 |     2 |       ||    55
       Stone Arrow       |       |     4 |   103 |   152 |   146 ||   405
       Fulminant Prism   |       |       |    43 |    67 |    66 ||   176
       Leda's Liquefacti |       |       |       |    23 |     8 ||    31
       Portal Projectile |       |       |       |     4 |    37 ||    41
       Lee's Rapid Decon |       |       |       |    53 |    43 ||    96
       Ozocubu's Armour  |       |       |       |     8 |    65 ||    73
       Summon Mana Viper |       |       |       |       |    44 ||    44
       Summon Cactus Gia |       |       |       |       |    39 ||    39
       Monstrous Menager |       |       |       |       |     2 ||     2
Evoke: Wand              |       |       |       |    11 |     1 ||    12
       Phantom mirror    |       |       |       |       |     2 ||     2
  Use: Scroll            |       |     3 |    16 |    10 |    19 ||    48
 Stab: Sleeping          |     1 |       |       |       |       ||     1
Armor: Robe              |     8 |    22 |    21 |    19 |   343 ||   413
       Leather armour    |       |       |     1 |     1 |       ||     2
       Steam dragon scal |       |       |       |    14 |       ||    14
       Scale mail        |       |       |       |    58 |       ||    58
Dodge: Dodged            |    32 |    51 |    85 |   151 |   569 ||   888

Table legend: (Time is in decaauts)
 A = Elapsed time spent in this place.
 B = Non-inter-level travel time spent in this place.
 C = Inter-level travel time spent in this place.
 D = Time resting spent in this place.
 E = Time spent auto-exploring this place.
 F = Levels seen in this place.
 G = Mean time per level.
                   A        B        C        D        E       F      G
               +--------+--------+--------+--------+--------+-----+--------+
         Total |  34700 |  31837 |   2863 |  17420 |    433 |  24 | 1445.8 |
       Dungeon |  19781 |  17839 |   1942 |   9871 |    296 |  12 | 1648.4 |
        Temple |     49 |     49 |      0 |      0 |      1 |   1 |   49.0 |
          Lair |   8282 |   7381 |    901 |   3341 |     37 |   5 | 1656.4 |
  Orcish Mines |   2204 |   2185 |     19 |   1832 |     99 |   2 | 1102.0 |
         Sewer |   1386 |   1386 |      0 |    951 |      0 |   1 | 1386.0 |
        Bailey |    650 |    650 |      0 |    383 |      0 |   1 |  650.0 |
      Ice Cave |   1209 |   1209 |      0 |    481 |      0 |   1 | 1209.0 |
      Gauntlet |   1135 |   1135 |      0 |    561 |      0 |   1 | 1135.0 |
               +--------+--------+--------+--------+--------+-----+--------+

Top non-repeatable levels by time:
     D:5: 2706 daAuts
     D:7: 2640 daAuts
  Lair:5: 2233 daAuts
   Orc:1: 2164 daAuts
    D:10: 1889 daAuts
     D:9: 1861 daAuts
     D:6: 1821 daAuts
  Lair:3: 1808 daAuts
  Lair:2: 1796 daAuts
    D:12: 1622 daAuts
     D:4: 1491 daAuts
  Lair:4: 1474 daAuts
    D:11: 1437 daAuts
   Sewer: 1386 daAuts
     D:3: 1291 daAuts
